 Dungeon Crawl Stone Soup version bcrawl-1.19.2-6-g6a88ae04c9 (webtiles) character file.

Game seed: 7159939229805472849

187 Mrkan the Chopper (level 5, -7/47 HPs)
             Began as a Minotaur Fighter on Jan 14, 2020.
             Was an Initiate of Ashenzari.
             Mangled by an iguana (10 damage)
             ... on level 4 of the Dungeon.
             The game lasted 00:02:09 (1853 turns).

Mrkan the Chopper (Minotaur Fighter)                Turns: 1853, Time: 00:02:10

Health: -7/47      AC:  7    Str: 21    XL:     5   Next: 39%
Magic:  4/4        EV:  7    Int:  5    God:    Ashenzari [......]
Gold:   189        SH:  9    Dex: 10    Spells: 4/4 levels left

rFire    . . .     SeeInvis .   a - +0 war axe
rCold    . . .     Gourm    .   c - +0 shield (curse)
rNeg     . . .     Faith    .   b - +0 scale mail
rPois    .         Spirit   .   (helmet restricted)
rElec    .         Reflect  .   (no cloak)
rCorr    .         Harm     .   (no gloves)
MR       .....                  (no boots)
Stlth    ..........             (no amulet)
HPRegen  0.15/turn              (no ring)
MPRegen  0.09/turn              (no ring)

@: lethally poisoned (-7 -> -20)
A: retaliatory headbutt, horns 2
a: Curse Item, Renounce Religion


You were on level 4 of the Dungeon.
You worshipped Ashenzari.
Ashenzari was noncommittal.
You were not hungry.

You visited 1 branch of the dungeon, and saw 4 of its levels.

You collected 189 gold pieces.

Inventory:

Hand Weapons
 a - a +0 war axe (weapon)
Armour
 b - a +0 scale mail (worn)
 c - a cursed +0 shield (worn)
Scrolls
 h - 2 scrolls of teleportation {unknown}
 j - 2 scrolls of remove curse {unknown}
 l - a scroll of enchant armour {unknown}
Potions
 d - a potion of might
 e - a potion of haste {unknown}
 g - a potion of lignification {unknown}
 i - a potion of magic {unknown}
 k - 2 potions of invisibility {unknown}
 m - a potion of brilliance {unknown}
Comestibles
 f - 4 rations {!d}


   Skills:
 + Level 4.6 Fighting
 * Level 4.7 Axes
 + Level 4.5 Armour
 + Level 4.6 Shields


You had 4 spell levels left.
You didn't know any spells.
Your spell library contained the following spells:

 Spells                   Type           Power        Failure   Level  Hunger
 Summon Small Mammal      Summ           #...         99%         1    ##.....
 Call Imp                 Summ           #.....       100%        2    ###....
 Call Canine Familiar     Summ           #.......     100%        3    ####...
 Summon Ice Beast         Ice/Summ       #.......     100%        4    #####..
 Summon Lightning Spire   Summ/Air       #.......     100%        5    ######.


Dungeon Overview and Level Annotations

Branches:
Dungeon (4/12)
 Temple: D:4-7

Altars:
Ashenzari


Innate Abilities, Weirdness & Mutations

You reflexively headbutt those who attack you in melee.
You have a pair of horns on your head.


Message History

You hit the iguana but do no damage.
You feel sick.
The orc wizard hits you with a +0 dagger.
* * * LOW HITPOINT WARNING * * *
The scorpion stings you.
* * * LOW HITPOINT WARNING * * *
You are lethally poisoned!
The scorpion poisons you! The iguana bites you.
* * * LOW HITPOINT WARNING * * *
The scorpion completely misses you. The orc wizard closely misses you.
You furiously retaliate!
You headbutt the orc wizard! The orc barely misses you.
Your scale mail prevents you from hitting the scorpion.
The scorpion is severely wounded.
You closely miss the iguana. You closely miss the orc.
You hit the orc wizard but do no damage.
* * * LOW HITPOINT WARNING * * *
You feel sick.
The orc wizard hits you but does no damage.
The iguana bites you!
You die...

.# ## .# # #.
.. ###.#. .#
...#.#.## #
......##..#
...#.#.ol......
#....o@s..#
##..#.#)......
... ... .#.#.##
. ..... .. ..
##.##. ##. ##
#. .. .. # ..
## ..


You could see a scorpion, an iguana, an orc wizard and an orc.

Vanquished Creatures
  2 orc wizards
  A worker ant (D:2)
  2 adders (D:3)
  An ooze (D:3)
  2 worms
  2 dart slugs
  A leopard gecko (D:3)
  7 orcs
  2 giant cockroaches
  5 goblins
  9 hobgoblins
  10 jackals
  14 kobolds
  3 bats (D:1)
  A frilled lizard (D:4)
  7 rats
69 creatures vanquished.

Notes
Turn   | Place    | Note
-------+----------+-------------------------------------------
     0 | D:1      | Mrkan the Minotaur Fighter began the quest for the Orb.
     0 | D:1      | Reached XP level 1. HP: 19/19 MP: 0/0
    91 | D:1      | Reached XP level 2. HP: 27/27 MP: 1/1
   521 | D:1      | Reached XP level 3. HP: 28/33 MP: 2/2
  1204 | D:2      | Reached XP level 4. HP: 38/40 MP: 3/3
  1474 | D:3      | Reached XP level 5. HP: 28/47 MP: 4/4
  1589 | D:3      | Found a shattered altar of Ashenzari.
  1609 | D:3      | Became a worshipper of Ashenzari the Shackled
  1853 | D:4      | Mangled by an iguana

Skill      XL: |  1  2  3  4 |
---------------+-------------+-----
Axes           | 3 4 |  4.7
Armour         | 4 |  4.5
Fighting       | 4 |  4.6
Shields        | 4 |  4.6

Action                   |  1- 3 |  4- 6 || total
-------------------------+-------+-------++-------
Melee: War axe           |   110 |    56 ||   166
       Headbutt          |    14 |    11 ||    25
Invok: Curse Item        |       |     1 ||     1
  Eat: Chunk             |     1 |     2 ||     3
Armor: Scale mail        |    58 |    23 ||    81
Dodge: Dodged            |    33 |    25 ||    58
Block: Shield            |    61 |    39 ||   100
